[Event "Early-Titled-Tuesday-Blitz-October-17-2023"]
[Site "Chess.com"]
[Date "2023.10.17"]
[Round "7"]
[White "Fan_Of_Chucky"]
[Black "Sadykov_Ramil"]
[Result "0-1"]
[WhiteElo "2490"]
[BlackElo "2616"]
[TimeControl "180+1"]
[EndTime "9:20:44 PDT"]
[Termination "Sadykov_Ramil won on time"]

1. d4 Nf6 2. c4 e6 3. Nf3 b6 4. g3 Ba6 5. b3 Bb4+ 6. Bd2 Be7 7. Bg2 c6 8. O-O O-O 9. Qc2 d5 10. Ne5 Nfd7 11. Nxd7 Nxd7 12. e4 Rc8 13. Be3 Bf6 14. e5 Be7 15. Rd1 f6 16. exf6 Bxf6 17. Nd2 e5 18.
Nf3 e4 19. Nd2 c5 20. Nf1 dxc4 21. Qxe4 c3 22. Rac1 cxd4 23. Bxd4 Bxd4 24. Rxd4 Qf6 0-1

[Event "Early-Titled-Tuesday-Blitz-October-17-2023"]
[Site "Chess.com"]
[Date "2023.10.17"]
[Round "7"]
[White "nitpicker"]
[Black "Casper"]
[Result "0-1"]
[WhiteElo "2250"]
[BlackElo "2396"]
[TimeControl "180+1"]
[EndTime "9:20:44 PDT"]
[Termination "Casper won on time"]

1. d4 Nf6 2. c4 g6 3. Nc3 Bg7 4. e4 O-O 5. Be2 c5 6. d5 e6 7. Nf3 d6 8. dxe6 fxe6 9. h3 Nc6 10. Be3 e5 11. Qd2 Nd4 12. Bd1 Be6 13. b3 Nh5 14. Nd5 Nf4 15. Nxd4 Nxg2+ 16. Kf1 Nxe3+ 17. Nxe3 exd4 18. Nd5 Bxd5 19. cxd5 Qh4 20. Bg4 Bh6 21. Qb2 Be3 22. Rh2 Rf4 23. Kg1 Qg3+ 24. Rg2 Bxf2+ 25. Kh1 Qe3 26. Rf1 Raf8 27. Qe2 Bh4 28. Be6+ Kg7 29. Rxf4 Qc1+ 30. Kh2 Qxf4+ 31. Kh1 Qc1+ 32. Kh2 Rf1 0-1

[Event "Early-Titled-Tuesday-Blitz-October-17-2023"]
[Site "Chess.com"]
[Date "2023.10.17"]
[Round "7"]
[White "Aleksandar-Topalov"]
[Black "Actuary44"]
[Result "0-1"]
[WhiteElo "2337"]
[BlackElo "2513"]
[TimeControl "180+1"]
[EndTime "9:20:45 PDT"]
[Termination "Actuary44 won on time"]

1. b3 e5 2. Bb2 d6 3. d4 exd4 4. Qxd4 Nc6 5. Qf4 Nge7 6. Nc3 Ng6 7. Qg3 Be7 8. Nf3 O-O 9. h4 h5 10. O-O-O Bg4 11. Nd5 a5 12. Kb1 a4 13. e3 axb3 14. axb3 Nce5 15. Be2 c6 16. Nxe7+ Qxe7 17. Nxe5 Bxe2 18.
Nxg6 fxg6 19. Rxd6 Rxf2 20. Rxg6 Rf7 21. e4 Bg4 22.
Re1 Qb4 23. Qc3 Qe7 24. Rg5 Raf8 25. Qc4 Kh8 26. Qc3 Re8 27. e5 Qe6 28. Qd3 Rf2 29. Rg6 Qf5 30. Qxf5 Bxf5 31. Rg5 Bxc2+ 32. Kc1 g6 33. e6+ Kg8 34. e7 Kf7 35. Rg3 Rxe7 36. Rxe7+ Kxe7 0-1

[Event "Early-Titled-Tuesday-Blitz-October-17-2023"]
[Site "Chess.com"]
[Date "2023.10.17"]
[Round "7"]
[White "eightbyeightchess"]
[Black "DanielTitichoca"]
[Result "0-1"]
[WhiteElo "2429"]
[BlackElo "2576"]
[TimeControl "180+1"]
[EndTime "9:20:46 PDT"]
[Termination "DanielTitichoca won by resignation"]

1. c4 Nf6 2. Nc3 e5 3. g3 Bb4 4. Bg2 O-O 5. d3 Bxc3+ 6. bxc3 h6 7. Nf3 d6 8. O-O Nc6 9. Rb1 Rb8 10. e4 b6 11. Ne1 Nd7 12. f4 Qe7 13. Nf3 Nc5 14. Qe2 a5 15. Nh4 exf4 16. Rxf4 Bd7 17. Nf5 Bxf5 18.
Rxf5 Rbe8 19. Be3 g6 20. Rf3 Ne5 21. Bxh6 Nxf3+ 22. Qxf3 f5 23. Bxf8 Rxf8 24. exf5 Rxf5 25. Qa8+ Kg7 26. Be4 Nxe4 27. Qxe4 Qxe4 28. dxe4 Rc5 29.
Re1 Rxc4 30. e5 dxe5 31. Rxe5 Rxc3 32. g4 Rc2 33. Re7+ Kf6 34. Rd7 Rxa2 35. Rxc7 Rb2 36. h4 a4 37. Ra7 b5 38. Ra6+ Kf7 39. h5 gxh5 40. gxh5 Kg7 41. Kf1 Ra2 42. Ke1 b4 43. Kd1 b3 44. Kc1 a3 45. Rb6 Rc2+ 46. Kb1 a2+ 47.
Ka1 Rc1+ 48. Kb2 a1=Q+ 49. Kxb3 Rb1+ 0-1

[Event "Early-Titled-Tuesday-Blitz-October-17-2023"]
[Site "Chess.com"]
[Date "2023.10.17"]
[Round "7"]
[White "masterofpuppets2"]
[Black "BelaKis"]
[Result "1-0"]
[WhiteElo "2517"]
[BlackElo "2196"]
[TimeControl "180+1"]
[EndTime "9:20:47 PDT"]
[Termination "masterofpuppets2 won on time"]

1. d4 Nf6 2. c4 g6 3. f3 Bg7 4. e4 d6 5. Nc3 O-O 6. Be3 a6 7. Bd3 c5 8. Nge2 Nc6 9. Qd2 Nd7 10. Bc2 b5 11. dxc5 dxc5 12. cxb5 axb5 13. Nxb5 Ba6 14.
Nbc3 Nde5 15. Qxd8 Rfxd8 16. Bxc5 Rab8 17. Rb1 Nd3+ 18. Bxd3 Bxd3 19. Rd1 Rxb2 20. Rc1 Bxc3+ 21. Nxc3 Rxg2 22.
Nd5 e6 23. Nf4 Rxa2 24. Bb6 Ne5 25. Bxd8 Nxf3+ 26. Kd1 Bb5 27. Rc3 1-0

[Event "Early-Titled-Tuesday-Blitz-October-17-2023"]
[Site "Chess.com"]
[Date "2023.10.17"]
[Round "7"]
[White "Maxfan2008"]
[Black "Ishowmoves57"]
[Result "1-0"]
[WhiteElo "2515"]
[BlackElo "2218"]
[TimeControl "180+1"]
[EndTime "9:20:47 PDT"]
[Termination "Maxfan2008 won by resignation"]

1. d4 Nf6 2. c4 e6 3. Nc3 Bb4 4. Nf3 d5 5. cxd5 exd5 6. Bg5 c6 7. e3 Qa5 8. Bxf6 Bxc3+ 9. bxc3 Qxc3+ 10. Nd2 gxf6 11.
Rc1 Qa5 12. Bd3 Be6 13. O-O Nd7 14. Nb3 Qc7 15. Qf3 Rg8 16. Kh1 Bg4 17. Qf4 Qxf4 18.
exf4 Nb6 19. Nc5 O-O-O 20. f3 Bd7 21. a4 Kc7 22. a5 Nc8 23. Bxh7 Rh8 24. Bd3 Nd6 25.
Rf2 Bf5 26. Bf1 a6 27. Rb2 Nb5 28. Kg1 Kd6 29. Nxb7+ Kc7 30. Nxd8 Rxd8 31. Bxb5 axb5 32. Rxb5 Kd6 33. Rb6 Bd7 34. Kf2 Ra8 35. a6 Kc7 36. Rb7+ Kd6 37. Ra1 Bc8 38. Rxf7 Bxa6 39. Rxf6+ Kd7 40.
h4 1-0

[Event "Early-Titled-Tuesday-Blitz-October-17-2023"]
[Site "Chess.com"]
[Date "2023.10.17"]
[Round "7"]
[White "DrCeltic"]
[Black "Roedor"]
[Result "0-1"]
[WhiteElo "2551"]
[BlackElo "2431"]
[TimeControl "180+1"]
[EndTime "9:20:50 PDT"]
[Termination "Roedor won on time"]

1. e4 e5 2. Nf3 Nc6 3. Bb5 Nf6 4. d3 Bc5 5. O-O Nd4 6. Ba4 O-O 7. Nxd4 Bxd4 8. Be3 Bb6 9. Nc3 d5 10. Bg5 c6 11.
Qf3 h6 12. Bxf6 Qxf6 13. Qxf6 gxf6 14. exd5 cxd5 15. Nxd5 Kg7 16. Nxb6 axb6 17. Bb3 Be6 18. Bxe6 fxe6 19. Rfe1 Rfc8 20. Re2 b5 21. g3 Kg6 22. c3 Ra4 23. Kg2 Rd8 24. Re3 b4 25.
c4 Rda8 26. f4 Rxa2 27. Rb1 exf4 28. Rxe6 fxg3 29. hxg3 R8a6 30. Re7 b5 31. c5 b3 32.
d4 R6a4 33. Rd7 Rc4 34. Kf3 Kf5 35. Ke3 Rc2 36. Rd6 Raxb2 37. Rf1+ Kg5 38. Rfxf6 Rc3+ 39. Ke4 Re2+ 40. Kd5 b2 41. Rg6+ Kh5 42. Rxh6+ Kg4 43.
Rdg6+ Kf3 44. Rh1 Rc1 45. Rf6+ Kg2 0-1

[Event "Early-Titled-Tuesday-Blitz-October-17-2023"]
[Site "Chess.com"]
[Date "2023.10.17"]
[Round "7"]
[White "Mr_Lion22"]
[Black "Josgar05"]
[Result "0-1"]
[WhiteElo "2473"]
[BlackElo "2358"]
[TimeControl "180+1"]
[EndTime "9:20:50 PDT"]
[Termination "Josgar05 won on time"]

1. d4 e6 2. c4 c5 3. d5 Nf6 4.
Nc3 d6 5. e4 e5 6. Be2 g6 7. Be3 Bg7 8. g4 O-O 9. g5 Ne8 10. h4 f6 11. Qd2 f5 12. exf5 Bxf5 13. O-O-O a6 14. a3 Nd7 15. Bd3 Rb8 16. Nge2 Qa5 17.
h5 b5 18. Ng3 Bxd3 19. Qxd3 bxc4 20. Qc2 e4 21. hxg6 hxg6 22. Ngxe4 Ne5 23. f4 Nd3+ 24.
Rxd3 cxd3 25. Qxd3 Qb6 26. Qc2 Qb3 27. Qh2 Kf7 28.
f5 Rh8 29. Nxd6+ Nxd6 30. fxg6+ Kg8 31. Qxd6 Qxb2+ 32. Kd1 Rxh1+ 0-1

[Event "Early-Titled-Tuesday-Blitz-October-17-2023"]
[Site "Chess.com"]
[Date "2023.10.17"]
[Round "7"]
[White "SanchezKelvin"]
[Black "Cambek64"]
[Result "0-1"]
[WhiteElo "2560"]
[BlackElo "2435"]
[TimeControl "180+1"]
[EndTime "9:20:51 PDT"]
[Termination "Cambek64 won by resignation"]

1. e4 e6 2. d4 d5 3. Nd2 Nc6 4. Ngf3 Nf6 5. e5 Nd7 6. Bb5 a6 7. Bxc6 bxc6 8. O-O c5 9. Nb3 cxd4 10. Nbxd4 c5 11.
Bg5 Qc7 12. Nb3 Nxe5 13. Nfd2 Bd6 14. h3 O-O 15. Re1 Bb7 16. Bf4 Rfd8 17. Qh5 Ng6 18. Bxd6 Rxd6 19. c4 Rad8 20. Rac1 dxc4 21. Nxc4 Rd5 22.
Qg4 h5 23. Qg3 Qe7 24. Qe3 Rg5 25. g3 Nh4 26. Red1 Nf3+ 27. Kf1 Rxd1+ 28. Rxd1 h4 29. g4 Bd5 30. Nba5 Qf6 31. Qc3 Nd4 32. b3 Qf4 33.
Ke1 Bf3 34. Rd3 Be4 35. Re3 Qh2 36. Nd2 Qg1+ 37. Nf1 Bg2 38. Qc4 Rd5 39. Qxa6 Nf3+ 40. Rxf3 Bxf3 0-1

[Event "Early-Titled-Tuesday-Blitz-October-17-2023"]
[Site "Chess.com"]
[Date "2023.10.17"]
[Round "7"]
[White "Rital44"]
[Black "falzehope0"]
[Result "1-0"]
[WhiteElo "2484"]
[BlackElo "2325"]
[TimeControl "180+1"]
[EndTime "9:20:54 PDT"]
[Termination "Rital44 won by checkmate"]

1. d4 e6 2. c4 d5 3. Nf3 c6 4. e3 Bd6 5. Nbd2 f5 6. g3 Nf6 7.
Bg2 O-O 8. O-O Nbd7 9. b3 Ne4 10. Bb2 Qf6 11. Qe2 g5 12. Nxe4 fxe4 13. Nd2 Qh6 14.
f3 exf3 15. Rxf3 Rxf3 16. Qxf3 Nf8 17. e4 Bb4 18. Nf1 dxc4 19. bxc4 b6 20. Ne3 e5 21. dxe5 Bc5 22. Kh1 Bxe3 23. Qxe3 Be6 24. Rd1 Qh5 25. Rd6 Rc8 26. Bf3 g4 27. Be2 Qf7 28. Qf4 Ng6 29.
Qxf7+ Kxf7 30. Rxe6 Kxe6 31. Bxg4+ Ke7 32. Bxc8 Nf8 33.
Bf5 c5 34. Kg2 Ne6 35. Bxe6 Kxe6 36. Kf3 a6 37. a4 a5 38. Kf4 h6 39. h4 h5 40. Kg5 Kf7 41. Kxh5 Ke6 42. Kg5 Kf7 43. h5 Ke7 44. h6 Kf7 45. h7 Kg7 46. e6+ Kxh7 47.
e7 b5 48. e8=Q bxc4 49. Qh8# 1-0

[Event "Early-Titled-Tuesday-Blitz-October-17-2023"]
[Site "Chess.com"]
[Date "2023.10.17"]
[Round "7"]
[White "FunnyDuck66"]
[Black "LuisFSiles"]
[Result "1-0"]
[WhiteElo "2471"]
[BlackElo "2319"]
[TimeControl "180+1"]
[EndTime "9:20:55 PDT"]
[Termination "FunnyDuck66 won on time"]

1. d4 Nf6 2. Nf3 g6 3. Bg5 Bg7 4. Nbd2 O-O 5. c3 d5 6. e3 b6 7. Be2 c5 8. O-O Ba6 9. Bxa6 Nxa6 10. Ne5 Nb8 11. b4 Nfd7 12. Nxd7 Nxd7 13. a4 Nf6 14. Qb3 Qd6 15. Bf4 Qc6 16. Qa3 Nd7 17. Nf3 Rfe8 18. bxc5 bxc5 19. a5 e5 20. Bg3 Rac8 21. Rab1 exd4 22.
exd4 Re4 23. Rfd1 c4 24. a6 Rce8 25. h3 Bf8 26. Qa5 Nb6 27. Ne5 Qe6 28. f3 Re2 29. Re1 Rxe1+ 30. Rxe1 Qf5 31. Qb5 Re6 32. Rf1 f6 33.
Nd7 Re2 34. Nxb6 axb6 35. a7 Qc2 36. Qxd5+ Kg7 37. Bf2 Ba3 38. a8=Q 1-0

[Event "Early-Titled-Tuesday-Blitz-October-17-2023"]
[Site "Chess.com"]
[Date "2023.10.17"]
[Round "7"]
[White "MFatigue"]
[Black "GaiozNigalidze"]
[Result "1/2-1/2"]
[WhiteElo "2559"]
[BlackElo "2705"]
[TimeControl "180+1"]
[EndTime "9:20:56 PDT"]
[Termination "Game drawn by repetition"]

1. e4 e5 2. Nf3 Nc6 3. d4 exd4 4. Bc4 Nf6 5. O-O Bc5 6. e5 d5 7. exf6 dxc4 8. fxg7 Rg8 9. Bg5 Qd5 10. Re1+ Be6 11. Nc3 Qf5 12. Ne4 Be7 13. Bxe7 Kxe7 14. Nxd4 Nxd4 15. Qxd4 Rad8 16. Qxa7 Rxg7 17. Qxb7 Qf3 18.
Qxc7+ Ke8 19. Ng3 Qd5 20. Qe5 Qxe5 21. Rxe5 Rd2 22. Re2 Rd5 23. Ne4 Kf8 24. Nc3 Rd8 25. Rd1 Rb8 26. Rb1 Rg5 27. f4 Ra5 28. g3 h5 29. Kf2 Kg7 30. Re5 Rxe5 31. fxe5 Kg6 32.
b4 cxb3 33. cxb3 Kf5 34. Re1 Rd8 35. Re2 Rd3 36. Ne4 Rd1 37. Nc3 Rh1 38. Ke3 Kxe5 39. b4 Bc4 40. Rf2 Re1+ 41. Kd2 Ra1 42. a4 f5 43. Rf4 Be6 44. Rh4 Bf7 45. b5 Kd6 46. Rf4 Be6 47. Rh4 Bf7 48. Ke3 Ra3 49.
Kd4 Rb3 50. Kd3 Kc5 51. Kc2 Ra3 52. Kb2 Rb3+ 53. Kc2 Ra3 54. Rf4 Be6 55. Rh4 Bf7 1/2-1/2

[Event "Early-Titled-Tuesday-Blitz-October-17-2023"]
[Site "Chess.com"]
[Date "2023.10.17"]
[Round "7"]
[White "JoliyRoger"]
[Black "Payyappat"]
[Result "0-1"]
[WhiteElo "2449"]
[BlackElo "2475"]
[TimeControl "180+1"]
[EndTime "9:20:56 PDT"]
[Termination "Payyappat won on time"]

1. d4 Nf6 2. c4 c5 3. d5 e6 4. Nc3 exd5 5. cxd5 d6 6. e4 g6 7.
Nf3 Bg7 8. h3 O-O 9. Bd3 b5 10.
Nxb5 Nxe4 11. Bxe4 Re8 12. Ng5 f5 13. O-O fxe4 14.
Re1 e3 15. Rxe3 Rxe3 16. Bxe3 Qb6 17. Qe2 Nd7 18. Ne6 Ba6 19. a4 Be5 20. Nec7 Bxb5 21.
Nxb5 a6 22. Nc3 Rb8 23. f4 Bxc3 24. bxc3 Re8 25. Qd2 Nf6 26. Re1 Qb3 27. f5 Ne4 28. Qd3 c4 29. Qd4 Qxc3 30. fxg6 Qxe1+ 31. Kh2 Qg3+ 32.
Kg1 hxg6 33. Bh6 Nf6 34. Qxf6 Re1+ 0-1

[Event "Early-Titled-Tuesday-Blitz-October-17-2023"]
[Site "Chess.com"]
[Date "2023.10.17"]
[Round "7"]
[White "IsaqueGoncalvesSanto"]
[Black "LamaChampetre"]
[Result "0-1"]
[WhiteElo "1810"]
[BlackElo "2239"]
[TimeControl "180+1"]
[EndTime "9:20:59 PDT"]
[Termination "LamaChampetre won by checkmate"]

1. d4 Nf6 2. c4 g6 3. Nc3 d5 4. cxd5 Nxd5 5. e4 Nxc3 6. bxc3 Bg7 7. Bc4 c5 8. Ne2 O-O 9. O-O Nc6 10. Be3 Bg4 11. f3 Bd7 12. Rb1 Qc7 13. dxc5 Rad8 14. Qc1 Na5 15. Bb3 Bb5 16. Re1 Nc4 17. Bd4 e5 18. Bf2 Ba6 19. Rd1 Rfe8 20. Ng3 Bf8 21. Ba4 Rxd1+ 22. Qxd1 Rd8 23. Qe1 Bxc5 24. Rd1 Rxd1 25.
Qxd1 Nb2 26. Qd5 Bxf2+ 27. Kxf2 Nxa4 28. h4 Qc5+ 29. Ke1 Qxd5 30. exd5 Nxc3 31. d6 Bb5 32. Ne4 Nxe4 33. fxe4 f5 34. exf5 gxf5 35. g4 f4 36. h5 Kf7 37. g5 Bd7 38. Kf2 e4 39.
a3 b5 40. Ke2 a5 41. Kf2 b4 42.
axb4 axb4 43. g6+ hxg6 44. h6 g5 45. Kg2 Kg6 46. Kh2 Kxh6 47. Kh1 b3 48. Kg1 b2 49.
Kh2 b1=Q 50. Kg2 Qc2+ 51. Kh1 f3 52. Kg1 Qg2# 0-1

[Event "Early-Titled-Tuesday-Blitz-October-17-2023"]
[Site "Chess.com"]
[Date "2023.10.17"]
[Round "7"]
[White "stollenmonster"]
[Black "GM_Huschenbeth"]
[Result "1-0"]
[WhiteElo "2799"]
[BlackElo "2548"]
[TimeControl "180+1"]
[EndTime "9:21:00 PDT"]
[Termination "stollenmonster won on time"]

1. e4 c5 2. Nf3 d6 3. d4 cxd4 4. Nxd4 Nf6 5. Nc3 a6 6. a4 g6 7. g3 Bg7 8. Bg2 O-O 9. O-O Bd7 10. h3 Nc6 11. Nde2 Rb8 12. Nd5 b5 13. axb5 axb5 14. Be3 Nxd5 15. exd5 Ne5 16. b3 g5 17. Nd4 g4 18.
hxg4 Nxg4 19. Bg5 h6 20. Bf4 Rc8 21. Nc6 Bxc6 22. dxc6 Bxa1 23. Qxg4+ Kh8 24. Rxa1 Rg8 25. Qh5 Rg6 26. Bxh6 d5 27. Bf4+ Kg7 28. c7 Qd7 29. Bh3 e6 30. Bf1 Rh8 31. Qf3 f6 32. Bd3 e5 33.
Bxg6 Kxg6 34. Bxe5 fxe5 35. Ra6+ Kg7 36. Qf6+ Kh7 37.
Re6 1-0

[Event "Early-Titled-Tuesday-Blitz-October-17-2023"]
[Site "Chess.com"]
[Date "2023.10.17"]
[Round "7"]
[White "szefru"]
[Black "vishwa_vijeta"]
[Result "1-0"]
[WhiteElo "2356"]
[BlackElo "2512"]
[TimeControl "180+1"]
[EndTime "9:21:00 PDT"]
[Termination "szefru won by resignation"]

1. e4 c5 2. Nf3 d6 3. d4 cxd4 4. Qxd4 Nf6 5. Bb5+ Nc6 6. c4 Bd7 7. Qd3 Nb4 8. Qe2 Bxb5 9. cxb5 Rc8 10. Nc3 d5 11. a3 dxe4 12. axb4 exf3 13. Qxf3 e6 14. O-O Bxb4 15. Rd1 Qc7 16. Bf4 Qc4 17. Rac1 O-O 18. Be5 Ng4 19. Bd6 Bxd6 20. Rxd6 b6 21. h3 Ne5 22.
Qg3 Nd3 23. Rxd3 h6 24. Rd7 Qb4 25. Rc2 Qb3 26. Qd3 Qb4 27. Rd2 g6 28. Rxa7 Rfd8 29.
Rd7 Re8 30. Qf3 Rf8 31. Qb7 Rc5 32. Rd8 Rxd8 33. Rxd8+ Kg7 34. Rd7 Rf5 35. Rd2 Qc5 36. Qe4 Re5 37. Qd4 Qc7 38. f4 1-0

[Event "Early-Titled-Tuesday-Blitz-October-17-2023"]
[Site "Chess.com"]
[Date "2023.10.17"]
[Round "7"]
[White "averageFM"]
[Black "McCarthyStone"]
[Result "1-0"]
[WhiteElo "2562"]
[BlackElo "2391"]
[TimeControl "180+1"]
[EndTime "9:21:01 PDT"]
[Termination "averageFM won by resignation"]

1. e4 e5 2. Nf3 d6 3. d4 exd4 4. Nxd4 Nf6 5. Nc3 g6 6. f3 Bg7 7.
Be3 O-O 8. Qd2 Nc6 9. O-O-O Nxd4 10. Bxd4 Be6 11. g4 c5 12. Be3 Qa5 13. Kb1 b5 14. Bh6 Bh8 15. Bxf8 Rxf8 16. Nd5 Qa6 17. h4 Bxd5 18. exd5 Nd7 19. h5 Ne5 20. hxg6 fxg6 21.
Bd3 Rb8 22. f4 Nc4 23. Bxc4 bxc4 24. c3 Qa3 25. Rh3 Qa4 26. Rdh1 Rb7 27. Qh2 Qd7 28.
Qe2 Qf7 29. Re1 Rb8 30. Qe6 Rb7 31. Qxf7+ Rxf7 32. Re6 Kg7 33. Rxd6 Rxf4 34. Rd7+ Kg8 35. a3 Bg7 36. d6 Rxg4 37. Rd8+ Bf8 38. Rf3 1-0

[Event "Early-Titled-Tuesday-Blitz-October-17-2023"]
[Site "Chess.com"]
[Date "2023.10.17"]
[Round "7"]
[White "KorolDimitriy75"]
[Black "GAusal"]
[Result "0-1"]
[WhiteElo "2392"]
[BlackElo "2283"]
[TimeControl "180+1"]
[EndTime "9:21:01 PDT"]
[Termination "GAusal won by resignation"]

1. d4 d5 2. c4 c6 3. Nc3 Nf6 4.
e3 Bf5 5. Nf3 e6 6. Bd3 Bxd3 7.
Qxd3 Be7 8. O-O O-O 9. e4 dxe4 10. Nxe4 Nxe4 11. Qxe4 Nd7 12. Bf4 Nf6 13. Qe2 Qa5 14. b3 Rad8 15. Rad1 Rfe8 16. Rd3 Nh5 17. Be3 Qf5 18.
Rfd1 Nf4 19. Bxf4 Qxf4 20. h3 h6 21. Ne5 Bd6 22. Rf3 Qg5 23. Nxf7 Qg6 24. Nxd8 Rxd8 25. Re1 Re8 26. Qe4 Qh5 27. Qg4 Qa5 28. Rfe3 h5 29.
Qxh5 Qxh5 30. d5 cxd5 31. g4 Qg5 32. cxd5 Qxd5 33. R1e2 Bc5 34. Re4 Qd1+ 35. Re1 Qf3 36. R4e3 Bxe3 37. Rxe3 Qxe3 38. fxe3 Kf7 39. Kf2 Rc8 40.
Ke2 Rc2+ 41. Kd3 Rxa2 42. Ke4 Rb2 0-1

[Event "Early-Titled-Tuesday-Blitz-October-17-2023"]
[Site "Chess.com"]
[Date "2023.10.17"]
[Round "7"]
[White "victormago"]
[Black "pinguino120"]
[Result "0-1"]
[WhiteElo "2466"]
[BlackElo "2217"]
[TimeControl "180+1"]
[EndTime "9:21:02 PDT"]
[Termination "pinguino120 won on time"]

1. d4 d5 2. c4 e6 3. Nc3 c6 4. e3 Nf6 5. Qc2 Nbd7 6. Nf3 Bd6 7. g4 h6 8. Rg1 e5 9. h4 e4 10. Nd2 g5 11. cxd5 cxd5 12. hxg5 hxg5 13. Nb5 Nb6 14. a4 Bxg4 15. a5 Nc8 16. Qb3 Bh2 17. Rh1 a6 18. Nc3 Qd7 19. Na4 Rb8 20. Nc5 Qf5 21. Ra4 Ke7 22. Qa3 Nd6 23. Bg2 Bf3 24. Bxf3 exf3 25. Rb4 Qg4 26. Qb3 Qg2 27. Rf1 Bg1 28. Nxb7 Bxf2+ 29. Kd1 Bg3 30. Nxd6 Bxd6 31. Rb7+ Ke6 32. Rxf3 Qg1+ 33.
Kc2 Qg4 34. Rxf6+ Kxf6 35. Rxb8 Qf5+ 36. Kd1 Rxb8 0-1

[Event "Early-Titled-Tuesday-Blitz-October-17-2023"]
[Site "Chess.com"]
[Date "2023.10.17"]
[Round "7"]
[White "giomar27"]
[Black "ArtemDyachuk"]
[Result "0-1"]
[WhiteElo "2351"]
[BlackElo "2643"]
[TimeControl "180+1"]
[EndTime "9:21:04 PDT"]
[Termination "ArtemDyachuk won by resignation"]

1. e4 c6 2. d4 d5 3. Nc3 dxe4 4. Nxe4 Nf6 5. Nxf6+ exf6 6. c3 Bd6 7. Bd3 Na6 8.
Ne2 Nc7 9. O-O O-O 10. Qc2 g6 11. Bf4 Re8 12. Bxd6 Qxd6 13. Rae1 Kg7 14. Ng3 Bd7 15. Ne4 Qd5 16. Nc5 b6 17. Be4 Qd6 18. Nxd7 Qxd7 19. Bf3 Ne6 20. Qe4 Rac8 21. Qg4 h5 22.
Qg3 Kh7 23. Be4 f5 24. Bb1 c5 25. dxc5 Nxc5 26. Rd1 Qc7 27. Qg5 Ne6 28. Qf6 Ng7 29.
Rfe1 Rxe1+ 30. Rxe1 Re8 31. Rxe8 Nxe8 32. Qd4 Qe7 33.
Kf1 Nf6 34. Bd3 Kg7 35. h3 Qc7 36. g3 Qc6 37. Ke2 Qh1 38. h4 Qc1 39. c4 Qh1 40. Qc3 Qc6 41. Qd4 Kh7 42. b4 Ng4 43. Qd5 Qf6 44. c5 Qb2+ 45. Kd1 Nxf2+ 46. Ke1 Qe5+ 47.
Qxe5 Nxd3+ 48. Kd2 Nxe5 49. cxb6 axb6 50. a4 Kg7 51. Kc3 Kf6 52. Kd4 Ke6 53. a5 bxa5 54. bxa5 Nc6+ 0-1

[Event "Early-Titled-Tuesday-Blitz-October-17-2023"]
[Site "Chess.com"]
[Date "2023.10.17"]
[Round "7"]
[White "CraiggoryC"]
[Black "Shockerlover"]
[Result "0-1"]
[WhiteElo "2195"]
[BlackElo "1962"]
[TimeControl "180+1"]
[EndTime "9:21:04 PDT"]
[Termination "Shockerlover won by resignation"]

1. e4 g6 2. d4 Bg7 3. Nc3 d6 4. Be3 Nf6 5. Qd2 Ng4 6. Bg5 h6 7. Bh4 O-O 8. f4 c5 9. dxc5 Qa5 10. Bxe7 Re8 11. cxd6 Nc6 12. h3 Nf6 13. Bb5 Nxe4 14.
Nxe4 Qxb5 15. Ne2 Nxe7 16. dxe7 Rxe7 17. Qd3 Qc6 18. N2g3 f5 19. O-O fxe4 20. Qb3+ Be6 21. Qa3 Rae8 22. f5 Bxf5 23. Nxf5 gxf5 24. Rxf5 Qb6+ 25.
Kh1 Qxb2 26. Qxb2 Bxb2 27. Raf1 Bg7 28. Re1 e3 29. Rf3 e2 30. Rg3 Kh7 31. Kg1 Bd4+ 32. Kh2 Bf2 0-1

[Event "Early-Titled-Tuesday-Blitz-October-17-2023"]
[Site "Chess.com"]
[Date "2023.10.17"]
[Round "7"]
[White "GothamChess"]
[Black "Szczor"]
[Result "0-1"]
[WhiteElo "2679"]
[BlackElo "2554"]
[TimeControl "180+1"]
[EndTime "9:21:06 PDT"]
[Termination "Szczor won by resignation"]

1. e4 c5 2. Nc3 Nc6 3. Bb5 Nd4 4. Nf3 Nxb5 5. Nxb5 a6 6. Nc3 e6 7. d4 Qc7 8. d5 b5 9. Be3 b4 10. Ne2 d6 11. O-O e5 12. a3 bxa3 13. Rxa3 Nf6 14.
Ng3 Be7 15. h3 O-O 16. Nd2 Bd7 17. Nc4 Bb5 18. Qd3 Nd7 19. Nf5 Nb6 20. b3 g6 21.
Nxe7+ Qxe7 22. Bh6 Rfb8 23. Kh2 a5 24. f4 Nd7 25. f5 a4 26. f6 Nxf6 27. Qf3 Nh5 28. Rf2 axb3 29. Rxa8 Rxa8 30. cxb3 Bxc4 31. bxc4 f6 32.
g4 Nf4 33. Bxf4 exf4 34. Qxf4 Kg7 35. Rb2 Ra4 36. Rb6 Rxc4 37. Rxd6 Rxe4 38. Rd7 Re2+ 0-1

[Event "Early-Titled-Tuesday-Blitz-October-17-2023"]
[Site "Chess.com"]
[Date "2023.10.17"]
[Round "7"]
[White "Smiechu"]
[Black "cycygogne"]
[Result "1-0"]
[WhiteElo "2498"]
[BlackElo "2270"]
[TimeControl "180+1"]
[EndTime "9:21:06 PDT"]
[Termination "Smiechu won by resignation"]

1. e4 d5 2. exd5 Qxd5 3. Nf3 Bg4 4. Be2 Nf6 5. d4 e6 6. c4 Qd8 7. O-O Be7 8. Be3 O-O 9. Nc3 c6 10. Ne5 Bxe2 11. Qxe2 Nbd7 12. Rfd1 Qc7 13. Bf4 Bd6 14. Ne4 Nxe4 15. Qxe4 Rad8 16. Bg3 c5 17. Nxd7 Rxd7 18. dxc5 Bxg3 19. Rxd7 Bxh2+ 20. Kh1 Qxd7 21. Kxh2 Rc8 22. b4 b6 23. cxb6 axb6 24. Kg1 Qd2 25.
c5 bxc5 26. bxc5 Qc3 27. Qe1 Qxe1+ 28. Rxe1 Rxc5 29. Ra1 Ra5 30. Kf1 Kf8 31. Ke2 Ke7 32. Kd3 Kd6 33. Kc4 Kc6 34. Kb4 Rf5 35. f3 Kb6 36.
Rd1 Rf4+ 37. Kb3 h5 38. a4 Ka5 39. Rd7 Rb4+ 40. Kc3 Rxa4 41. Rxf7 g5 42. Ra7+ Kb5 43. Rxa4 Kxa4 44. Kd4 Kb4 45. Ke5 Kc3 46. Kxe6 Kd3 47. Kf5 Ke3 48. Kxg5 Kf2 49. Kxh5 Kxg2 50. f4 1-0

[Event "Early-Titled-Tuesday-Blitz-October-17-2023"]
[Site "Chess.com"]
[Date "2023.10.17"]
[Round "7"]
[White "Eagle_2019"]
[Black "sorch29"]
[Result "1-0"]
[WhiteElo "2703"]
[BlackElo "2407"]
[TimeControl "180+1"]
[EndTime "9:21:07 PDT"]
[Termination "Eagle_2019 won by resignation"]

1. d4 Nf6 2. Bg5 Ne4 3. Bf4 d5 4. e3 e6 5. Bd3 Bd6 6. Bxe4 Bxf4 7. exf4 dxe4 8. Nc3 f5 9. f3 Nc6 10. fxe4 Nxd4 11. Nf3 Nxf3+ 12. Qxf3 O-O 13. O-O Qf6 14.
exf5 exf5 15. Nd5 Qf7 16. Rfe1 c6 17. Nc3 Be6 18. Rad1 Rad8 19. Qe3 Rxd1 20. Rxd1 b6 21. Qe5 Re8 22. Qd6 c5 23. h3 h6 24. a4 Re7 25.
Qb8+ Kh7 26. a5 bxa5 27. Qb5 Rb7 28. Qxc5 Rxb2 29. Nb5 Qb7 30. Nd4 Bc8 31. Qxa5 Qb6 32. Qc3 Bb7 33. Kh2 a5 34. Nxf5 Qg6 35. g4 Rb6 36.
Rd7 Rf6 37. Rxb7 1-0

[Event "Early-Titled-Tuesday-Blitz-October-17-2023"]
[Site "Chess.com"]
[Date "2023.10.17"]
[Round "7"]
[White "amelia91"]
[Black "Magila31"]
[Result "1-0"]
[WhiteElo "2193"]
[BlackElo "2357"]
[TimeControl "180+1"]
[EndTime "9:21:07 PDT"]
[Termination "amelia91 won on time"]

1. d4 g6 2. Bf4 Bg7 3. Nc3 d6 4. e4 Nc6 5. Nge2 e5 6. Be3 Nf6 7. f3 O-O 8. Qd2 d5 9. exd5 Nxd5 10. Nxd5 Qxd5 11. Nc3 Qa5 12. d5 Nd4 13. O-O-O Bf5 14. Bd3 Bxd3 15. Qxd3 Rad8 16. Kb1 Rd6 17. h4 h5 18. g4 Nxf3 19. gxh5 e4 20. Qxe4 Bxc3 21. Qxf3 Qb4 22. Bc1 Rb6 23. b3 Ra6 24. hxg6 fxg6 25.
Qg3 Rff6 26. Rd3 Bd4 27. Qxc7 Bb6 28. Qc8+ Rf8 29. Qxb7 Qa5 30. a4 Bc5 31. h5 Rb6 32. hxg6 Rxb7 33. Rdh3 1-0